 Dungeon Crawl Stone Soup version 0.17-a0-2127-g1cb09f6 (webtiles) character file.

66 Gargoyl the Skirmisher (level 3, -5/43 HPs)
             Began as a Demonspawn Abyssal Knight on Oct 23, 2015.
             Was a Believer of Lugonu.
             Slain by Crazy Yiuf
             ... wielding a +2 quarterstaff of chaos
              (18 damage)
             ... on level 3 of the Dungeon.
             The game lasted 00:03:25 (2209 turns).

Gargoyl the Skirmisher (Demonspawn Abyssal Knight)  Turns: 2209, Time: 00:03:25

Health: -5/43      AC: 21    Str: 13    XL:     3   Next: 96%
Magic:  5/5        EV:  2    Int: 13    God:    Lugonu [**....]
Gold:   77         SH:  0    Dex: 12    Spells: 0 memorised, 2 levels left

rFire  . . .     SeeInvis .     a - +1 hand axe
rCold  . . .     Clarity  .     (armour currently unavailable)
rNeg   + + +     SustAt   .     (no shield)
rPois  +         Gourm    .     (helmet currently unavailable)
rElec  .         Spirit   .     (cloak currently unavailable)
rCorr  .         Warding  .     (gloves currently unavailable)
rMut   .         NoTele   +     (boots currently unavailable)
MR     .....                    (no amulet)
Stlth  +.........               (no ring)
                                (no ring)

@: lethally poisoned (-5 -> -11), tree-form, not resistant to hostile
enchantments, very unstealthy
A: (antennae 0), (fire resistance 0)
a: Depart the Abyss, Bend Space, Renounce Religion


You were on level 3 of the Dungeon.
You worshipped Lugonu.
Lugonu was pleased with you.
You were not hungry.
You were a tree.
You visited 1 branch of the dungeon, and saw 3 of its levels.
You visited the Abyss 1 time.

You collected 77 gold pieces.

Inventory:

Hand Weapons
 a - a +1 hand axe (weapon)
Armour
 b - a +0 leather armour (melded)
 o - a +0 cloak (melded)
Jewellery
 t - an uncursed ring of fire {unknown}
Scrolls
 d - 3 scrolls of remove curse {unknown}
 e - a scroll of enchant weapon {unknown}
 f - a scroll of fear {unknown}
 h - a scroll of teleportation {unknown}
 j - a scroll of fog {unknown}
 k - a scroll of random uselessness {unknown}
 l - 4 scrolls of identify {unknown}
Potions
 c - a potion of flight {unknown}
 m - a potion of heal wounds
 n - a potion of mutation
 s - a potion of curing {unknown}
Comestibles
 g - 3 meat rations
 i - a slice of pizza
 p - a bread ration
 q - 8 fruits


   Skills:
 + Level 3.5 Fighting
 + Level 2.2 Axes
 + Level 2.2 Armour
 + Level 1.7 Dodging
 + Level 3.2 Invocations


You had 2 spell levels left.
You didn't know any spells.

Dungeon Overview and Level Annotations

Branches:
Dungeon (3/15)

Altars:
Gozag
Qazlal

Annotations:
D:3 Crazy Yiuf


Innate Abilities, Weirdness & Mutations

((You have a pair of small antennae on your head.))
((Your flesh is heat resistant.))


Message History

You feel resistant to heat.
* * * LOW HITPOINT WARNING * * *
You feel sick.
Drink which item? (? for menu, Esc to quit)
It was a potion of heal wounds.
You feel much better.
You feel sick. Crazy Yiuf closely misses you.
You hit Crazy Yiuf but do no damage.
You feel sick.
Crazy Yiuf hits you with a quarterstaff of chaos.
Crazy Yiuf freezes you.
You barely miss Crazy Yiuf.
You feel sick.
Crazy Yiuf hits you with a quarterstaff of chaos!
Drink which item? (? for menu, Esc to quit)
It was a potion of lignification.
You turn into a tree.
Your +0 cloak melds into your body.
Your +0 leather armour melds into your body.
Your roots penetrate the ground.
You feel sick. Crazy Yiuf completely misses you.
You closely miss Crazy Yiuf.
You feel sick. Crazy Yiuf hits you but does no damage.
You are electrocuted!
You die...

##....#
#).......
#....#
##.......
♣PP.P♣
...(...
♣♣...♣
##..$..
♣♣.♣♣
.....
♣♣.♣ ....
♣.♣♣ ../[
♣♣.♣ ...
♣♣♣♣ #g#
... #...#
#)..#
#####


You could see Crazy Yiuf.

Vanquished Creatures
  3 adders (D:2)
  A giant gecko (D:1)
  An orc (D:2)
  2 ball pythons
  3 giant cockroaches
  4 hobgoblins
  A quokka (D:2)
  6 bats
  9 goblins
  5 kobolds
  3 rats
38 creatures vanquished.

Notes
Turn   | Place    | Note
--------------------------------------------------------------
     0 | Abyss:1  | Gargoyl the Demonspawn Abyssal Knight began the quest for the Orb.
     0 | Abyss:1  | Reached XP level 1. HP: 18/18 MP: 2/2
    70 | Abyss:1  | Found a corrupted altar of Lugonu.
   126 | Abyss:1  | Noticed a chaos spawn
   127 | D:1      | Escaped the Abyss
   178 | D:1      | Reached * piety under Lugonu
   349 | D:1      | Gained mutation: You have a pair of small antennae on your head. [demonic ancestry]
   349 | D:1      | Reached XP level 2. HP: 21/24 MP: 3/3
   487 | D:1      | Reached skill level 1 in Dodging
  1280 | D:2      | Reached XP level 3. HP: 20/29 MP: 5/5
  1510 | D:2      | Reached ** piety under Lugonu
  1516 | D:2      | Found a stormy altar of Qazlal.
  1992 | D:2      | Found an opulent altar of Gozag.
  2198 | D:3      | Noticed Crazy Yiuf
  2204 | D:3      | Gained mutation: Your spells are a little harder to cast, but a little more powerful. [potion of mutation]
  2204 | D:3      | Lost mutation: Your spells are a little harder to cast, but a little more powerful. [potion of mutation]
  2204 | D:3      | Gained mutation: Your flesh is heat resistant. [potion of mutation]
  2209 | D:3      | Slain by Crazy Yiuf

Vault maps used:
D:1:      scummos_arrival_star, grunt_decor_clamped
D:2:      nicolae_qazlal_general_emergency,
          nicolae_gozag_cash_rules_everything_around_me
D:3:      grunt_temple_overflow_order_and_chaos_2, uniq_iyjb,
          uniq_crazy_yiuf_cottage
Abyss:1:  kilobyte_mutagenic_chamber

Action                   || total
-------------------------++-------
Melee: Hand axe          ||   143
Invok: Depart the Abyss  ||     1
  Use: Potion            ||     3
  Eat: Bread ration      ||     1
